[Event "Bremer Silvester Open 2018"]
[Site "Bremen"]
[Date "2018.12.27"]
[Round "1"]
[White "Grigorian, Spartak"]
[Black "Goetz, Claus"]
[Result "1-0"]
[ECO "A56"]
[WhiteElo "2346"]
[BlackElo "1927"]
[Annotator "NA"]
[PlyCount "79"]
[EventDate "2018.12.27"]
[EventType "swiss"]
[EventCountry "GER"]
[SourceTitle "playchess.com"]
[Source "ChessBase"]
[SourceQuality "1"]
[TimeControl "40/5400+30:1800+30"]

1. d4 Nf6 2. Nf3 c5 3. d5 d6 4. c4 e5 5. Nc3 Nbd7 6. e4 Be7 7. Bd3 O-O 8. a3 {[%emt 0:02:07] A56: Czech Benoni} Ne8 9. h3 g6 10. Bh6 Ng7 11. g4 Nf6 (11... Kh8 12. Qd2 Nf6 13. O-O-O Ng8 14. Kb1 Nxh6 15. Qxh6 Rg8 {1-0 (43) Wang,H (2737)-Aronian,L (2815) Beijing 2012}) 12. Qc2 $146 ({Predecessor:} 12. Ne2 Bd7 13. b4 b6 14. Ng3 Kh8 15. Be3 Qc7 16. Rb1 Rab8 {½-½ (66) Batchuluun,T (2499)-Rozum,I (2581) Vladivostok 2016}) 12... Kh8 13. Rg1 Ng8 14. Bd2 Bd7 15. h4 Nf6 16. Nh2 Qc8 17. f3 a6 18. Ne2 b5 19. Ng3 bxc4 20. Bxc4 Rb8 21. Nhf1 Nxg4 (21... h5 $11 {keeps the balance.}) 22. fxg4 Bxg4 23. Bg5 f6 24. Bh6 f5 $16 25. Bxg7+ Kxg7 26. exf5 Bxh4 27. Ne3 Bxf5 28. Qh2 Bxg3+ 29. Rxg3 a5 30. O-O-O Be4 31. Rh3 h5 32. Rg1 Rf2 33. Qxf2 Qxh3 34. Bf1 Qd7 35. Qh4 Bf3 36. Qg5 Be4 37. Qh4 Bf5 38. Qxh5 Be4 39. Qh4 Qa4 40. Nf5+ 1-0

[Event "Bremer Silvester Open 2018"]
[Site "Bremen"]
[Date "2018.12.27"]
[Round "1"]
[White "Polster, Christian"]
[Black "Zotin, Vladimir"]
[Result "1-0"]
[ECO "C53"]
[WhiteElo "2306"]
[BlackElo "1869"]
[Annotator "NA RC"]
[PlyCount "29"]
[EventDate "2018.12.27"]
[EventType "swiss"]
[EventCountry "GER"]
[SourceTitle "playchess.com"]
[Source "ChessBase"]
[SourceQuality "1"]
[TimeControl "40/5400+30:1800+30"]

1. e4 e5 2. Nf3 Nc6 3. Bc4 Bc5 4. c3 a6 5. d4 exd4 6. cxd4 Bb4+ 7. Nc3 Nf6 8. O-O Bxc3 9. bxc3 Nxe4 10. d5 Ne7 11. Qd4 Nd6 12. Qxg7 Rg8 13. Qxh7 Nxc4 14. Re1 d6 15. Qxg8+ 1-0

[Event "Bremer Silvester Open 2018"]
[Site "Bremen"]
[Date "2018.12.27"]
[Round "1"]
[White "Hoeffer, David"]
[Black "Hattenhauer, Klaus"]
[Result "1-0"]
[ECO "E11"]
[WhiteElo "2259"]
[BlackElo "1836"]
[Annotator "NA"]
[PlyCount "83"]
[EventDate "2018.12.27"]
[EventType "swiss"]
[EventCountry "GER"]
[SourceTitle "playchess.com"]
[Source "ChessBase"]
[SourceQuality "1"]
[TimeControl "40/5400+30:1800+30"]

1. d4 d5 2. c4 e6 3. Nf3 Nf6 4. g3 Bb4+ 5. Bd2 Bxd2+ 6. Nbxd2 Nc6 7. Bg2 O-O 8. O-O Re8 {[%emt 0:04:34] E11: Bogo-Indian} (8... Qe7 9. Qc2 Rd8 10. Rfd1 Bd7 11. Rac1 Rac8 12. b3 Be8 13. Qb2 h6 14. a3 a5 15. e3 Ne4 16. cxd5 exd5 {0-1 (46) Matjushin,G (2500)-Iakymov,V (2453) Alushta 2009}) 9. Rc1 Ne7 10. Qc2 c6 11. Rfd1 Bd7 $146 ({Predecessor:} 11... Ng6 12. e4 dxe4 13. Nxe4 Nxe4 14. Qxe4 Qa5 15. a3 Bd7 16. Ne5 {½-½ (30) Kwossek,G (1947)-Rauch,A (1913) Wuerzburg 2007}) 12. e4 Nxe4 13. Nxe4 dxe4 14. Qxe4 Ng6 15. h4 h6 16. h5 Nf8 17. Ne5 Qg5 18. Qe2 Rad8 19. Rc3 Qe7 20. c5 Rb8 21. Nc4 Red8 22. Nd6 Nh7 23. Qe5 Qg5 24. f4 Qxe5 25. dxe5 Be8 26. Ra3 a6 27. Rad3 Rd7 28. Be4 Nf8 $18 29. Kf2 Re7 30. Ke3 Nh7 31. Rb3 f5 32. Bf3 Nf8 33. Rd4 Nd7 34. Rc4 Nf8 35. Rcb4 g5 36. Rxb7 Rexb7 37. Rxb7 Rxb7 38. Nxb7 g4 39. Be2 Bd7 40. Nd6 a5 41. a4 Nh7 42. b4 1-0

[Event "Bremer Silvester Open 2018"]
[Site "Bremen"]
[Date "2018.12.27"]
[Round "1"]
[White "Hochhuth, Arnd"]
[Black "Pfreundt, Jakob"]
[Result "0-1"]
[ECO "C65"]
[WhiteElo "1943"]
[BlackElo "2373"]
[Annotator "NA"]
[PlyCount "44"]
[EventDate "2018.12.27"]
[EventType "swiss"]
[EventCountry "GER"]
[SourceTitle "playchess.com"]
[Source "ChessBase"]
[SourceQuality "1"]
[TimeControl "40/5400+30:1800+30"]

1. e4 e5 2. Nf3 Nc6 3. Bb5 Nf6 4. d3 Bc5 5. c3 d5 6. exd5 Qxd5 7. Bc4 Qd6 8. O-O e4 9. Ng5 O-O 10. d4 Bb6 11. Re1 Bf5 12. f3 Rae8 13. Nxe4 Nxe4 14. fxe4 Bxe4 15. Be3 Qg6 16. Bf1 f5 17. Qd2 f4 18. Bxf4 Nxd4 19. cxd4 Rxf4 20. Nc3 Bxd4+ 21. Kh1 Rf2 22. Re2 Bxg2+ 0-1

[Event "Bremer Silvester Open 2018"]
[Site "Bremen"]
[Date "2018.12.27"]
[Round "1"]
[White "Jung, Gerald"]
[Black "Lammers, Markus"]
[Result "0-1"]
[ECO "A00"]
[WhiteElo "1892"]
[BlackElo "2312"]
[Annotator "NA RC"]
[PlyCount "40"]
[EventDate "2018.12.27"]
[EventType "swiss"]
[EventCountry "GER"]
[SourceTitle "playchess.com"]
[Source "ChessBase"]
[SourceQuality "1"]
[TimeControl "40/5400+30:1800+30"]

1. Nc3 d5 2. e4 dxe4 3. Bc4 Nf6 4. f3 Bf5 5. Qe2 exf3 6. Nxf3 Nc6 7. d4 Nxd4 8. Nxd4 Qxd4 9. Nb5 Qc5 10. Bf4 O-O-O 11. b4 Qxb4+ 12. c3 Qa4 13. Bxf7 Qxf4 14. Nxa7+ Kb8 15. Nc6+ bxc6 16. Rf1 Qe4 17. Rxf5 Qxf5 18. Qb2+ Qb5 19. Qc2 Qe5+ 20. Kf1 Nd7 0-1

[Event "Bremer Silvester Open 2018"]
[Site "Bremen"]
[Date "2018.12.27"]
[Round "1"]
[White "Schwenteck, Peter"]
[Black "Wachinger, Nikolas"]
[Result "0-1"]
[ECO "D02"]
[WhiteElo "1852"]
[BlackElo "2306"]
[Annotator "NA"]
[PlyCount "34"]
[EventDate "2018.12.27"]
[EventType "swiss"]
[EventCountry "GER"]
[SourceTitle "playchess.com"]
[Source "ChessBase"]
[SourceQuality "1"]
[TimeControl "40/5400+30:1800+30"]

1. d4 Nf6 2. g3 d5 3. Nf3 c5 4. dxc5 Nc6 5. Bg2 e5 6. c3 Bxc5 7. O-O h6 8. b4 Bd6 9. Bb2 a6 10. Nbd2 Be6 11. a3 O-O 12. Qc2 Rc8 13. Rac1 e4 14. Ne1 e3 15. fxe3 $17 Ng4 16. Qd3 Qg5 17. Nc2 Nxh2 0-1

[Event "Bremer Silvester Open 2018"]
[Site "Bremen"]
[Date "2018.12.28"]
[Round "2"]
[White "Pfreundt, Jakob"]
[Black "Schulz, Daniel"]
[Result "1-0"]
[ECO "C01"]
[WhiteElo "2373"]
[BlackElo "2069"]
[Annotator "RC"]
[PlyCount "54"]
[EventDate "2018.12.27"]
[EventType "swiss"]
[EventCountry "GER"]
[SourceTitle "playchess.com"]
[Source "ChessBase"]
[SourceQuality "1"]
[TimeControl "40/5400+30:1800+30"]

1. e4 e6 2. d4 d5 3. exd5 exd5 4. Nf3 Bg4 5. h3 Bh5 6. Qe2+ Qe7 7. Be3 Nc6 8. g4 Bg6 9. Nc3 O-O-O 10. O-O-O f6 11. Nh4 Bf7 12. a3 a6 13. Na4 Qd7 14. Qd2 Kb8 15. Qc3 Nge7 16. Nc5 Qc8 17. Bd3 g5 18. Nf5 Bg6 19. Nxe7 Nxe7 20. Be2 h5 21. h4 hxg4 22. hxg5 Bg7 23. Nxa6+ bxa6 24. Qb4+ Ka8 25. Qxe7 Rxh1 26. Rxh1 Be4 27. Bxg4 f5 1-0

[Event "Bremer Silvester Open 2018"]
[Site "Bremen"]
[Date "2018.12.28"]
[Round "2"]
[White "Lammers, Markus"]
[Black "Reuker, Matthias"]
[Result "1/2-1/2"]
[ECO "A87"]
[WhiteElo "2312"]
[BlackElo "2036"]
[Annotator "RC"]
[PlyCount "80"]
[EventDate "2018.12.27"]
[EventType "swiss"]
[EventCountry "GER"]
[SourceTitle "playchess.com"]
[Source "ChessBase"]
[SourceQuality "1"]
[TimeControl "40/5400+30:1800+30"]

1. Nf3 f5 2. d4 Nf6 3. c4 g6 4. g3 Bg7 5. Bg2 d6 6. O-O O-O 7. Nc3 Qe8 8. d5 Na6 9. Be3 e5 10. dxe6 Qxe6 11. Rc1 h6 12. Nb5 c6 13. Nxd6 Rd8 14. c5 Ne4 15. Nd4 Qxa2 16. Bxe4 fxe4 17. Qc2 Qd5 18. Rfd1 Qxc5 19. Nxc6 Qxc2 20. Ne7+ Kh7 21. Rxc2 Be6 22. Rdd2 Bf8 23. Nxb7 Rxd2 24. Rxd2 Bxe7 25. Rd4 Bh3 26. Rxe4 Bf6 27. Ra4 Nc7 28. Rxa7 Rxa7 29. Bxa7 Bxb2 30. Nd6 Be6 31. Bc5 Na6 32. Bb6 Be5 33. Nb5 Bc4 34. Nd4 Bxd4 35. Bxd4 Bxe2 36. h3 Bf3 37. g4 Nc7 38. Kh2 Ne6 39. Be3 Bd5 40. Kg3 Ng7 1/2-1/2

[Event "Bremer Silvester Open 2018"]
[Site "Bremen"]
[Date "2018.12.28"]
[Round "2"]
[White "Wachinger, Nikolas"]
[Black "Pahl, Theis"]
[Result "1/2-1/2"]
[ECO "B29"]
[WhiteElo "2306"]
[BlackElo "2021"]
[Annotator "RC"]
[PlyCount "53"]
[EventDate "2018.12.27"]
[EventType "swiss"]
[EventCountry "GER"]
[SourceTitle "playchess.com"]
[Source "ChessBase"]
[SourceQuality "1"]
[TimeControl "40/5400+30:1800+30"]

1. e4 c5 2. Nf3 Nf6 3. e5 Nd5 4. Nc3 e6 5. Ne4 f5 6. Nc3 Nxc3 7. dxc3 Be7 8. Bf4 Nc6 9. Qd2 b6 10. O-O-O Bb7 11. Qe3 Qc7 12. h4 O-O-O 13. Nd2 Na5 14. Bg5 Bxg5 15. hxg5 Kb8 16. Rh4 d5 17. exd6 Rxd6 18. f4 g6 19. c4 Rhd8 20. g3 Nc6 21. a3 e5 22. fxe5 Re6 23. Nf3 Rxd1+ 24. Kxd1 Nxe5 25. Nxe5 Rxe5 26. Qf4 Re7 27. Bd3 1/2-1/2

[Event "Bremer Silvester Open 2018"]
[Site "Bremen"]
[Date "2018.12.28"]
[Round "2"]
[White "Zahn, Richard"]
[Black "Grigorian, Spartak"]
[Result "0-1"]
[ECO "A45"]
[WhiteElo "2067"]
[BlackElo "2346"]
[Annotator "RC"]
[PlyCount "58"]
[EventDate "2018.12.27"]
[EventType "swiss"]
[EventCountry "GER"]
[SourceTitle "playchess.com"]
[Source "ChessBase"]
[SourceQuality "1"]
[TimeControl "40/5400+30:1800+30"]

1. d4 Nf6 2. e3 g6 3. f4 Bg7 4. Nf3 O-O 5. c3 d6 6. Bc4 Bf5 7. O-O c5 8. Qe2 d5 9. Bd3 e6 10. Nbd2 Qc7 11. Ne5 c4 12. Bb1 b5 13. e4 dxe4 14. g4 e3 15. gxf5 exd2 16. fxg6 dxc1=N 17. gxh7+ Kh8 18. Rxc1 Nbd7 19. Rf1 Rae8 20. Rf3 Nd5 21. Bc2 Nxe5 22. fxe5 f5 23. exf6 Rxf6 24. Raf1 e5 25. Qe4 Rxf3 26. Rxf3 Qd8 27. Qg6 Rf8 28. Rg3 Qe7 29. Qe4 exd4 0-1

[Event "Bremer Silvester Open 2018"]
[Site "Bremen"]
[Date "2018.12.28"]
[Round "2"]
[White "Schroeter, Baldur"]
[Black "Polster, Christian"]
[Result "0-1"]
[ECO "B22"]
[WhiteElo "2032"]
[BlackElo "2306"]
[Annotator "RC"]
[PlyCount "66"]
[EventDate "2018.12.27"]
[EventType "swiss"]
[EventCountry "GER"]
[SourceTitle "playchess.com"]
[Source "ChessBase"]
[SourceQuality "1"]
[TimeControl "40/5400+30:1800+30"]

1. e4 c5 2. c3 Nf6 3. e5 Nd5 4. d4 cxd4 5. cxd4 d6 6. Nf3 Nc6 7. Bc4 Nb6 8. Bb3 dxe5 9. d5 Na5 10. Nc3 Nxb3 11. Qxb3 e6 12. Nxe5 exd5 13. Be3 Bd6 14. Qb5+ Kf8 15. Nf3 Be6 16. O-O Qe8 17. Bxb6 axb6 18. Qxb6 Qc6 19. Qb5 Qxb5 20. Nxb5 Bb8 21. Nfd4 Ke7 22. a3 Rc8 23. Rac1 Be5 24. f4 Rxc1 25. Rxc1 Bxf4 26. Rc2 Ra4 27. Kf2 Be5 28. Rd2 Rc4 29. g3 Bd7 30. Nf3 Bf6 31. Re2+ Re4 32. Nbd4 Rxe2+ 33. Kxe2 Bg4 0-1

[Event "Bremer Silvester Open 2018"]
[Site "Bremen"]
[Date "2018.12.28"]
[Round "2"]
[White "Buescher, Andre"]
[Black "Hoeffer, David"]
[Result "0-1"]
[ECO "C41"]
[WhiteElo "2018"]
[BlackElo "2259"]
[Annotator "RC"]
[PlyCount "98"]
[EventDate "2018.12.27"]
[EventType "swiss"]
[EventCountry "GER"]
[SourceTitle "playchess.com"]
[Source "ChessBase"]
[SourceQuality "1"]
[TimeControl "40/5400+30:1800+30"]

1. e4 e5 2. Nf3 d6 3. d4 exd4 4. Nxd4 Nf6 5. Nc3 Be7 6. Bf4 O-O 7. Qd2 c6 8. O-O-O b5 9. f3 b4 10. Nce2 c5 11. Nf5 Bxf5 12. exf5 d5 13. Kb1 d4 14. Nc1 Nbd7 15. g4 Nd5 16. h4 N7b6 17. g5 Nxf4 18. Qxf4 Nd5 19. Qe4 Re8 20. Bb5 Qd6 21. Bxe8 Rxe8 22. Rhe1 Rd8 23. g6 hxg6 24. fxg6 Qxg6 25. Qxg6 fxg6 26. Re6 Kf7 27. Rc6 Ne3 28. Rg1 c4 29. Rc7 d3 30. cxd3 cxd3 31. Nb3 d2 32. Nxd2 Rxd2 33. Re1 Rd3 34. Rxa7 Kf6 35. a4 b3 36. a5 Bb4 37. Rc1 Rd6 38. a6 Bd2 39. Rc5 Nc2 40. Rcc7 g5 41. h5 g4 42. Rf7+ Kg5 43. Rxg7+ Kh4 44. Rxg4+ Kh3 45. Rg6 Rd5 46. Rb7 Bb4 47. Kc1 Ne3 48. Rg1 Kh2 49. Rxb4 Kxg1 0-1

[Event "Bremer Silvester Open 2018"]
[Site "Bremen"]
[Date "2018.12.28"]
[Round "3"]
[White "Polster, Christian"]
[Black "Villwock, Martin"]
[Result "0-1"]
[ECO "D00"]
[WhiteElo "2306"]
[BlackElo "2208"]
[Annotator "NA"]
[PlyCount "94"]
[EventDate "2018.12.27"]
[EventType "swiss"]
[EventCountry "GER"]
[SourceTitle "playchess.com"]
[Source "ChessBase"]
[SourceQuality "1"]
[TimeControl "40/5400+30:1800+30"]

1. d4 d5 2. Bf4 Nf6 3. e3 g6 4. Nc3 c6 5. Bd3 Bg7 6. h3 O-O 7. Nf3 Nbd7 8. O-O b6 9. e4 dxe4 10. Nxe4 Bb7 11. c4 c5 12. Nxf6+ Bxf6 13. Be2 cxd4 14. Bh6 Re8 15. Nxd4 Nc5 16. Be3 e5 17. Nb5 Qe7 18. Qd6 e4 19. Rab1 Be5 20. Qxe7 Rxe7 21. Rfd1 Ne6 22. b4 f5 23. g3 g5 24. Nd4 Nxd4 25. Bxd4 Bxd4 26. Rxd4 f4 27. Bg4 f3 28. Re1 Rf8 29. Kf1 Kg7 30. Re3 Kf6 31. Ra3 Ke5 32. Rd1 a6 33. Ke1 Rc7 34. Rc3 b5 35. c5 Bd5 36. Kd2 Ra8 37. a3 a5 38. Ke3 axb4 39. axb4 Ra2 40. Rd2 Ra1 41. Rb2 Rca7 42. c6 Re1+ 43. Kd2 Re2+ 44. Kc1 Ra1+ 45. Rb1 Re1+ 46. Kd2 Raxb1 47. c7 Re2# 0-1

[Event "Bremer Silvester Open 2018"]
[Site "Bremen"]
[Date "2018.12.28"]
[Round "3"]
[White "Hoeffer, David"]
[Black "Steffens, Olaf"]
[Result "1-0"]
[ECO "B00"]
[WhiteElo "2259"]
[BlackElo "2185"]
[Annotator "NA"]
[PlyCount "109"]
[EventDate "2018.12.27"]
[EventType "swiss"]
[EventCountry "GER"]
[SourceTitle "playchess.com"]
[Source "ChessBase"]
[SourceQuality "1"]
[TimeControl "40/5400+30:1800+30"]

1. e4 b6 2. d4 Bb7 3. Bd3 Nf6 4. Qe2 Nc6 5. c3 e5 6. Nf3 d6 7. O-O Be7 8. Bd2 Nd7 9. d5 Ncb8 10. c4 a5 11. b3 c5 12. Nc3 O-O 13. g3 Bc8 14. Ne1 Nf6 15. f4 Bh3 16. Ng2 Nbd7 17. a3 Ng4 18. Rae1 Bf6 19. Qf3 Qe7 20. a4 Rfe8 21. Nd1 h5 22. Kh1 g6 23. Rg1 Kg7 24. Nge3 Rh8 25. Re2 Rh7 26. Nf2 Nxh2 27. Kxh2 Bg4 28. Qg2 exf4 29. gxf4 Ne5 30. Rge1 Nf3+ 31. Kh1 Bd4 32. Qg3 Qf6 33. Kg2 Nxd2 34. Rxd2 Bc3 35. Rde2 Bxe1 36. e5 dxe5 37. fxe5 Qg5 38. Rxe1 Re8 39. Nf1 Rhh8 40. Nh3 Bxh3+ 41. Kxh3 Qxg3+ 42. Kxg3 h4+ 43. Kf4 h3 44. Nh2 Rh4+ 45. Kg3 Rh5 46. Kf4 Rh4+ 47. Kg3 Rh5 48. Nf3 h2 49. Rh1 Kf8 50. d6 Kg7 51. Be4 f6 52. d7 Rd8 53. e6 Kf8 54. Bxg6 Rh6 55. Nh4 1-0

[Event "Bremer Silvester Open 2018"]
[Site "Bremen"]
[Date "2018.12.28"]
[Round "3"]
[White "Hedke, Fred"]
[Black "Pfreundt, Jakob"]
[Result "1/2-1/2"]
[ECO "C44"]
[WhiteElo "2243"]
[BlackElo "2373"]
[Annotator "NA"]
[PlyCount "94"]
[EventDate "2018.12.27"]
[EventType "swiss"]
[EventCountry "GER"]
[SourceTitle "playchess.com"]
[Source "ChessBase"]
[SourceQuality "1"]
[TimeControl "40/5400+30:1800+30"]

1. e4 e5 2. Nf3 Nc6 3. d4 exd4 4. c3 d5 5. exd5 Qxd5 6. cxd4 Bg4 7. Be2 Bb4+ 8. Nc3 Bxf3 9. Bxf3 Qc4 10. Bxc6+ bxc6 11. Qe2+ Qxe2+ 12. Kxe2 O-O-O 13. Be3 Ne7 14. Rac1 Nf5 15. Rhd1 Rhe8 16. Kf3 h5 17. g3 Rd6 18. a3 Rf6 19. Ke2 Ba5 20. Na4 Bb6 21. Nc5 Rd6 22. Kf3 Red8 23. Ke4 Rd5 24. Nb3 Kb7 25. Rd3 g5 26. h3 g4 27. hxg4 hxg4 28. Rdc3 Ne7 29. a4 R8d6 30. Nc5+ Bxc5 31. Rxc5 f5+ 32. Kf4 Ng6+ 33. Kg5 Nf8 34. Rxd5 Rxd5 35. Rc4 Nd7 36. b3 Kb6 37. b4 Kb7 38. Kg6 a5 39. bxa5 Rxa5 40. Bd2 Rd5 41. a5 c5 42. Bc3 c6 43. dxc5 Nxc5 44. Rd4 Nd3 45. Rxd5 cxd5 46. Bd4 f4 47. Kf5 Nxf2 {[%emt 0:01:17] Ke4 [%clk 0:00:00]} 1/2-1/2

[Event "Bremer Silvester Open 2018"]
[Site "Bremen"]
[Date "2018.12.28"]
[Round "3"]
[White "Dettmann, Steffen"]
[Black "Bart, Simon"]
[Result "1-0"]
[ECO "B50"]
[WhiteElo "2201"]
[BlackElo "2072"]
[Annotator "NA"]
[PlyCount "147"]
[EventDate "2018.12.27"]
[EventType "swiss"]
[EventCountry "GER"]
[SourceTitle "playchess.com"]
[Source "ChessBase"]
[SourceQuality "1"]
[TimeControl "40/5400+30:1800+30"]

1. e4 c5 2. Nf3 d6 3. Be2 Nf6 4. d3 Nc6 5. O-O g6 6. c3 Bg7 7. d4 e5 8. dxe5 dxe5 9. Qc2 O-O 10. Na3 Qe7 11. Rd1 Bg4 12. h3 Bd7 13. Be3 h6 14. Rd2 Rac8 15. Rad1 Nd4 16. Qb1 Bc6 17. Nxd4 cxd4 18. cxd4 Nxe4 19. Rd3 Ba4 20. Re1 exd4 21. Bxd4 Qb4 22. Bxg7 Kxg7 23. b3 Bc6 24. Nc4 Qc5 25. Qb2+ Kg8 26. Bf3 Rfe8 27. Qd4 Qxd4 28. Rxd4 Ng5 29. Rxe8+ Rxe8 30. Bxc6 bxc6 31. Kf1 Ne6 32. Rd7 a6 33. Nd6 Rd8 34. Rxd8+ Nxd8 35. Ne4 Ne6 36. Nf6+ Kg7 37. Nd7 a5 38. Ne5 Nd4 39. Nc4 a4 40. bxa4 Kf6 41. a5 Ke6 42. a4 c5 43. a6 Nc6 44. Ke2 Kd5 45. Na5 Na7 46. Kd3 f5 47. Kc3 g5 48. Nc4 f4 49. f3 Nc8 50. a5 Na7 51. Nb6+ Kc6 52. Kc4 Nb5 53. Nc8 Na3+ 54. Kb3 Nb5 55. Ne7+ Kd6 56. Nf5+ Kc6 57. Nxh6 Nd6 58. Ka4 Kc7 59. Ng4 Kb8 60. Nf2 Nf5 61. Ne4 c4 62. Nxg5 Ne3 63. h4 c3 64. Kb3 c2 65. Kb2 Nxg2 66. h5 c1=Q+ 67. Kxc1 Ka7 68. h6 Nh4 69. h7 Ng6 70. Nf7 Kxa6 71. h8=Q Nxh8 72. Nxh8 Kxa5 73. Kd2 Kb4 74. Kd3 1-0

[Event "Bremer Silvester Open 2018"]
[Site "Bremen"]
[Date "2018.12.28"]
[Round "3"]
[White "Pahl, Theis"]
[Black "Lammers, Markus"]
[Result "0-1"]
[ECO "A30"]
[WhiteElo "2021"]
[BlackElo "2312"]
[Annotator "NA"]
[PlyCount "82"]
[EventDate "2018.12.27"]
[EventType "swiss"]
[EventCountry "GER"]
[SourceTitle "playchess.com"]
[Source "ChessBase"]
[SourceQuality "1"]
[TimeControl "40/5400+30:1800+30"]

1. Nf3 Nf6 2. g3 c5 3. Bg2 d5 4. O-O Nc6 5. d3 e6 6. Nbd2 Be7 7. c4 d4 8. a3 O-O 9. Ne1 e5 10. Nc2 a5 11. b3 Be6 12. Nf3 h6 13. Bb2 Qc7 14. e4 dxe3 15. Nxe3 Rad8 16. Qc2 Nd4 17. Bxd4 cxd4 18. Nd1 e4 19. Nd2 exd3 20. Qxd3 Nd7 21. Qf3 a4 22. b4 Ne5 23. Qxb7 Qxb7 24. Bxb7 Nxc4 25. Nxc4 Bxc4 26. Re1 Bf6 27. Nb2 Bb5 28. Rab1 d3 29. Red1 Rfe8 30. Bf3 d2 31. Kg2 Re1 32. h3 Bc3 33. h4 g6 34. Kh3 Rd4 35. Kg2 Kg7 36. Kh2 h5 37. Kh3 f6 38. Kh2 Kh6 39. Kh3 g5 40. hxg5+ fxg5 41. g4 Rf4 0-1

[Event "Bremer Silvester Open 2018"]
[Site "Bremen"]
[Date "2018.12.28"]
[Round "3"]
[White "Zahn, Fabian"]
[Black "Wachinger, Nikolas"]
[Result "0-1"]
[ECO "D02"]
[WhiteElo "1947"]
[BlackElo "2306"]
[Annotator "NA"]
[PlyCount "80"]
[EventDate "2018.12.27"]
[EventType "swiss"]
[EventCountry "GER"]
[SourceTitle "playchess.com"]
[Source "ChessBase"]
[SourceQuality "1"]
[TimeControl "40/5400+30:1800+30"]

1. d4 Nf6 2. Bf4 d5 3. e3 c5 4. Nf3 Nc6 5. Nbd2 e6 6. c3 cxd4 7. exd4 Nh5 8. Be3 Bd6 9. Ne5 g6 10. Nd3 f6 11. g3 Ng7 12. Bg2 Nf5 13. Qe2 Nxe3 14. Qxe3 Kf7 15. O-O Ne7 16. Rfe1 Nf5 17. Qe2 h5 18. Rad1 Qc7 19. Nf1 Bd7 20. Nc5 Bxc5 21. dxc5 Qxc5 22. c4 d4 23. b4 Qc7 24. Nd2 e5 25. Bd5+ Kg7 26. b5 Rac8 27. Qe4 Nd6 28. Qe2 Bg4 29. f3 Bf5 30. g4 Bc2 31. g5 Bxd1 32. gxf6+ Kh7 33. Rxd1 Rce8 34. Kh1 Rhf8 35. Ne4 Nxe4 36. Qxe4 Rxf6 37. Qh4 Rf4 38. Qg5 Qe7 39. Qxe7+ Rxe7 40. Kg2 b6 0-1

[Event "Bremer Silvester Open 2018"]
[Site "Bremen"]
[Date "2018.12.29"]
[Round "4"]
[White "Pfreundt, Jakob"]
[Black "Dettmann, Steffen"]
[Result "1/2-1/2"]
[ECO "D37"]
[WhiteElo "2373"]
[BlackElo "2201"]
[Annotator "NA"]
[PlyCount "86"]
[EventDate "2018.12.27"]
[EventType "swiss"]
[EventCountry "GER"]
[SourceTitle "playchess.com"]
[Source "ChessBase"]
[SourceQuality "1"]
[TimeControl "40/5400+30:1800+30"]

1. d4 d5 2. Nf3 Nf6 3. c4 e6 4. Nc3 Be7 5. Bf4 O-O 6. e3 c5 7. dxc5 Bxc5 8. cxd5 Nxd5 9. Nxd5 exd5 10. Bd3 Bb4+ 11. Nd2 Nc6 12. O-O Be6 13. Rc1 Rc8 14. Nb3 Qf6 15. a3 Be7 16. Qd2 g6 17. Be2 Rfd8 18. Nd4 Bd6 19. Nxc6 bxc6 20. Bxd6 Rxd6 21. Rc5 h5 22. Rd1 d4 23. exd4 Rcd8 24. Qc3 Rxd4 25. Rxd4 Qxd4 26. h3 Qe4 27. Bf3 Qb1+ 28. Kh2 Rb8 29. b4 Qa2 30. Qe3 Bd5 31. Bxd5 cxd5 32. Rc7 d4 33. Qf3 Qe6 34. Rxa7 Kg7 35. Ra5 Rd8 36. Qd3 Qf6 37. Kg1 Re8 38. Rd5 Re1+ 39. Kh2 Qf4+ 40. Qg3 Qc1 41. Qd3 Qf4+ 42. Qg3 Qc1 43. Qd3 Qf4+ 1/2-1/2

[Event "Bremer Silvester Open 2018"]
[Site "Bremen"]
[Date "2018.12.29"]
[Round "4"]
[White "Lammers, Markus"]
[Black "Hedke, Fred"]
[Result "1-0"]
[ECO "E14"]
[WhiteElo "2312"]
[BlackElo "2243"]
[Annotator "NA"]
[PlyCount "99"]
[EventDate "2018.12.27"]
[EventType "swiss"]
[EventCountry "GER"]
[SourceTitle "playchess.com"]
[Source "ChessBase"]
[SourceQuality "1"]
[TimeControl "40/5400+30:1800+30"]

1. Nf3 d5 2. c4 e6 3. d4 Nf6 4. e3 Be7 5. Bd3 b6 6. O-O O-O 7. Nc3 Bb7 8. Qe2 Nbd7 9. Rd1 a6 10. e4 dxe4 11. Nxe4 Nxe4 12. Bxe4 Bxe4 13. Qxe4 Nf6 14. Qc6 Bd6 15. Be3 Qd7 16. Qxd7 Nxd7 17. Rac1 Rfd8 18. Kf1 Rac8 19. c5 Bf8 20. cxb6 cxb6 21. Bf4 b5 22. Bc7 Re8 23. Rc6 Nf6 24. Rdc1 Nd5 25. Bd6 Ra8 26. Ne5 Red8 27. Bc7 Re8 28. a3 b4 29. a4 a5 30. Bd6 Red8 31. Bxf8 Kxf8 32. Nf3 Ra7 33. g3 Ne7 34. R6c5 f6 35. g4 Rd5 36. Ke2 Rd6 37. R1c4 Nd5 38. Rc1 Ke7 39. Kd3 Rdd7 40. Rc6 b3 41. Ke4 Rdb7 42. Nd2 Rb4 43. R1c4 Rbb7 44. Rc1 Rb4 45. Nc4 Rxa4 46. f4 Nb4 47. Nb6 Nxc6 48. Rxc6 Ra6 49. Rc7+ Kd6 50. Rd7+ {[%emt 0:12:35] Ra7 [%clk 0:00:00]} 1-0

[Event "Bremer Silvester Open 2018"]
[Site "Bremen"]
[Date "2018.12.29"]
[Round "4"]
[White "Wachinger, Nikolas"]
[Black "Grigorian, Spartak"]
[Result "1/2-1/2"]
[ECO "B51"]
[WhiteElo "2306"]
[BlackElo "2346"]
[Annotator "NA"]
[PlyCount "57"]
[EventDate "2018.12.27"]
[EventType "swiss"]
[EventCountry "GER"]
[SourceTitle "playchess.com"]
[Source "ChessBase"]
[SourceQuality "1"]
[TimeControl "40/5400+30:1800+30"]

1. e4 c5 2. Nf3 d6 3. Bb5+ Nd7 4. d4 cxd4 5. Qxd4 a6 6. Bxd7+ Qxd7 7. Nc3 e5 8. Qd3 f5 9. O-O Nf6 10. Bg5 Nxe4 11. Nxe4 fxe4 12. Qxe4 Qf5 13. Qd5 Qf7 14. Qa5 Bg4 15. Nd2 Rc8 16. f4 Qc7 17. Qxc7 Rxc7 18. c3 Be7 19. Bxe7 Rxe7 20. Rae1 exf4 21. Rxe7+ Kxe7 22. Rxf4 Be6 23. a3 Rc8 24. Nf3 Rc5 25. Nd4 Re5 26. Kf2 g6 27. g3 Bd5 28. h4 Rh5 29. Nf3 1/2-1/2

[Event "Bremer Silvester Open 2018"]
[Site "Bremen"]
[Date "2018.12.29"]
[Round "4"]
[White "Villwock, Martin"]
[Black "Hoeffer, David"]
[Result "0-1"]
[ECO "B00"]
[WhiteElo "2208"]
[BlackElo "2259"]
[Annotator "NA"]
[PlyCount "106"]
[EventDate "2018.12.27"]
[EventType "swiss"]
[EventCountry "GER"]
[SourceTitle "playchess.com"]
[Source "ChessBase"]
[SourceQuality "1"]
[TimeControl "40/5400+30:1800+30"]

1. e4 Nc6 2. Nc3 Nf6 3. d4 d5 4. e5 Nd7 5. e6 fxe6 6. Nf3 g6 7. h4 Bg7 8. h5 Nf8 9. hxg6 hxg6 10. Rxh8 Bxh8 11. Bh6 a6 12. Qd2 Kd7 13. O-O-O Nh7 14. g3 Qg8 15. Bh3 Kd8 16. Re1 Bf6 17. Bg5 Bd7 18. Ne2 Kc8 19. c4 dxc4 20. Bxf6 exf6 21. d5 exd5 22. Bxd7+ Kxd7 23. Nf4 Re8 24. Rxe8 Kxe8 25. Nxd5 Qf7 26. Qe2+ Kf8 27. Qxc4 Ne7 28. Ne3 Qxc4+ 29. Nxc4 Kf7 30. Nd4 Ng5 31. Kd2 Ne6 32. Nc2 b5 33. Na5 c5 34. Nb7 Ke8 35. Nd6+ Kd7 36. Ne4 f5 37. Nf6+ Kd6 38. Ne8+ Kd7 39. Nf6+ Kd6 40. Ne8+ Ke5 41. f4+ Kd5 42. Nf6+ Kc6 43. Ne3 a5 44. a4 Nd4 45. axb5+ Kxb5 46. Ne8 Kb4 47. Nd6 a4 48. Ndc4 Nd5 49. Nxd5+ Kxc4 50. Ne7 Kb3 51. Kc1 c4 52. Nxg6 c3 53. bxc3 a3 0-1